Map: Newkirk Precinct TE (Void)

Players

StabbyerSC - Winner!

  • Race: Terran Terran
  • League: Platinum
  • Spawn Location: 5:00

pago

  • Race: Zerg Zerg
  • Spawn Location: 7:00

VOD

Have the link to the VOD?

Description

Time

  • Played on: Dec. 23, 2016, 2:54 a.m.
  • Length: 19:39
Show
View Real Time Build Order
Export as new Build Order

StabbyerSC Terran - Winner!

Build Orders: MMM Bio 

Get SALT Encoding   

  12  0:01  SCV  
  13  0:13  SCV  
  14  0:19  Supply Depot  
  14  0:25  SCV  
  15  0:35  Refinery  
  15  0:40  SCV  
  16  0:50  Barracks  
  16  0:54  SCV  
  17  1:06  SCV  
  18  1:18  SCV  
  19  1:30  SCV  
  20  1:38  Reaper  
  21  1:45  Supply Depot, Orbital Command  
  21  2:00  Factory  
  21  2:11  SCV  
  21  2:12  Reaper  
  23  2:20  Command Center  
  23  2:24  SCV  
  24  2:36  SCV  
  25  2:48  SCV  
  26  2:55  Factory Reactor  
  26  3:07  Command Center  
  26  3:17  Barracks Tech Lab  
  26  3:20  Supply Depot, Barracks  
  26  3:23  SCV  
  27  3:36  Marine  
  27  3:37  Stimpack  
  27  3:38  Hellion x2  
  27  3:39  Orbital Command  
  32  3:48  SCV  
  33  3:52  Refinery  
  33  3:57  Marine  
  33  4:02  Hellion x2  
  38  4:06  SCV  
  38  4:07  SCV  
  40  4:14  Marine  
  41  4:17  Barracks Reactor  
  41  4:20  Starport  
  41  4:23  Hellion  
  43  4:24  Hellion  
  45  4:37  SCV x2  
  45  4:38  Marine  
  47  4:41  Supply Depot  
  48  4:51  Hellion x2  
  52  4:53  Bunker, SCV x2  
  52  4:55  Orbital Command  
  52  4:57  Marine x2  
  56  5:01  Marine  
  57  5:14  Medivac  
  57  5:15  Marine x2  
  57  5:18  Marine  
  62  5:22  SCV x2  
  64  5:30  Supply Depot  
  64  5:36  Marine x3  
  64  5:38  Combat Shields  
  67  6:07  Marine x3  
  67  6:09  Medivac  
  72  6:36  Marine x2  
  72  6:37  Marine  
  72  6:38  SCV x3  
  77  6:50  SCV x3  
  79  7:02  SCV x3  
  80  7:17  Marine x3  
  80  7:20  Armory  
  80  7:21  SCV x2  
  85  7:29  Supply Depot  
  85  7:30  Concussive Shells  
  85  7:31  Supply Depot  
  85  7:32  Supply Depot  
  85  7:38  Engineering Bay  
  85  7:39  Starport Reactor  
  85  7:41  Engineering Bay  
  85  7:50  SCV x3, Marine x3  
  91  8:03  SCV  
  92  8:08  Marine x2  
  92  8:10  Terran Infantry Armor Level 1, Terran Infantry Weapons Level 1  
  92  8:11  Barracks  
  94  8:12  Barracks  
  94  8:13  Barracks  
  94  8:16  Barracks  
  94  8:38  Factory x2  
  94  8:46  Widow Mine x2  
  94  8:48  SCV x3  
  101  8:50  Refinery  
  101  8:53  Command Center  
  101  9:00  SCV x2  
  100  9:41  Factory Tech Lab x2  
  96  9:46  Terran Vehicle Weapons Level 1, Refinery  
  96  9:49  Barracks Tech Lab x4  
  96  9:51  Armory  
  93  10:12  Siege Tank  
  89  10:34  Siege Tank  
  62  10:44  Siege Tank  
  62  10:47  Marine  
  62  10:48  Marine x3  
  62  10:49  Marauder x3  
  71  11:05  Marine x3  
  71  11:06  Marauder  
  71  11:09  Siege Tank  
  71  11:10  Marauder  
  81  11:23  Orbital Command  
  71  11:38  Marine x2  
  71  11:39  Marauder, Marine x2  
  81  11:40  Marauder x2  
  81  11:41  Terran Vehicle And Ship Armor Level 1  
  81  11:56  Marine x2  
  81  11:57  Marauder x2  
  81  12:01  Marauder x2, Marine  
  92  12:05  Refinery  
  92  12:08  Refinery  
  92  12:14  Marine  
  93  12:16  Supply Depot  
  93  12:22  Refinery  
  93  12:23  Refinery  
  93  12:26  Planetary Fortress  
  93  12:41  SCV  
  93  12:42  SCV x2  
  96  12:54  SCV x3  
  96  12:57  Siege Tank x2  
  96  13:06  SCV x2  
  96  13:12  Marine x4  
  104  13:13  Marauder x3  
  108  13:21  Refinery  
  108  13:22  Refinery  
  97  13:29  Siege Tank, Marine x2  
  97  13:30  Marauder x2  
  96  13:34  Marauder x3  
  80  13:47  Marine x2  
  80  13:51  Marine x2  
  80  13:55  Medivac x2, Marine x2  
  86  14:18  Siege Tank x2  
  92  14:25  Medivac x2  
  96  14:33  Terran Infantry Weapons Level 2  
  96  14:50  Siege Tank  
  79  15:08  Marine x5  
  79  15:09  Marauder x2  
  88  15:20  Orbital Command  
  88  15:26  Marine x5  
  93  15:30  Marine x2  
  95  15:44  Marauder x2  
  88  16:00  Siege Tank x2, Widow Mine  
  96  16:04  Marine x2  
  96  16:05  Marauder, Marine  
  96  16:06  Marauder  
  96  16:07  SCV  
  96  16:08  SCV x2  
  106  16:20  SCV x2  
  108  16:29  Supply Depot  
  108  16:30  Supply Depot  
  108  16:32  Supply Depot  
  108  16:50  Siege Tank, SCV x2, Marine  
  108  16:51  Terran Infantry Weapons Level 3, Marine x3, Terran Infantry Armor Level 2, Marauder  
  108  16:52  Siege Tank, Terran Vehicle And Ship Armor Level 2, Terran Vehicle Weapons Level 2, Marauder  
  108  16:54  SCV  
  125  16:55  Supply Depot  
  125  17:03  SCV x2  
  125  17:04  Marine  
  125  17:06  SCV  
  125  17:08  Marine  
  129  17:09  Marine x2  
  132  17:16  Marauder x2, SCV, Marine  
  132  17:18  SCV  
  139  17:27  Marine  
  140  17:42  SCV, Marauder x2  
  140  17:44  Marauder  
  140  17:45  Siege Tank  
  140  17:47  Marauder  
  138  17:56  Siege Tank  
  127  18:17  Siege Tank  
  120  18:22  Marine x2  
  120  18:23  Marauder, Marine x2  
  120  18:24  Marauder x2  
  123  18:29  Siege Tank  
  117  18:40  Marine  
  120  18:41  Marauder  
  120  18:45  Marine  
  120  18:46  Marauder x4  
  129  18:49  Siege Tank  
  129  18:51  Refinery  
  129  18:54  Refinery  
  132  19:01  Siege Tank  
  132  19:02  Marauder  
  137  19:07  Marauder  
  139  19:10  Command Center  
Show
View Real Time Build Order
Export as new Build Order

pago Zerg 

Build Orders: Hatch First 

Get SALT Encoding   

  12  0:08  Overlord  
  12  0:13  Drone  
  13  0:18  Drone  
  14  0:36  Drone  
  14  0:37  Drone  
  16  0:44  Drone  
  17  0:59  Hatchery  
  16  1:11  Spawning Pool  
  16  1:14  Drone  
  16  1:17  Drone  
  17  1:21  Extractor  
  16  1:28  Drone  
  16  1:31  Drone  
  18  1:45  Drone  
  19  1:51  Drone  
  20  1:58  Queen  
  22  2:06  Overlord  
  22  2:14  Queen  
  24  2:15  Roach Warren  
  24  2:22  Metabolic Boost  
  23  2:25  Zergling x2  
  23  2:27  Zergling x2  
  25  2:30  Drone  
  25  2:33  Drone  
  27  3:03  Drone x4  
  31  3:09  Queen  
  33  3:30  Drone x3  
  35  3:37  Overlord  
  35  3:46  Overlord  
  35  3:54  Queen  
  37  3:59  Drone x2  
  37  4:02  Extractor, Drone x3  
  41  4:03  Overlord x2, Drone  
  41  4:04  Drone  
  41  4:05  Drone  
  43  4:23  Drone x3  
  46  4:24  Drone  
  47  4:40  Drone x2  
  47  4:41  Overlord x2  
  49  4:49  Hatchery  
  48  5:00  Evolution Chamber x2  
  48  5:01  Lair  
  46  5:27  Zergling x6  
  46  5:28  Zergling x20  
  59  5:38  Zerg Melee Weapons Level 1  
  59  5:39  Zerg Ground Armor Level 1  
  59  5:44  Drone x3  
  61  5:58  Spine Crawler  
  60  6:05  Roach x6  
  72  6:19  Roach x4  
  72  6:21  Overlord x3  
  78  6:31  Roach x3  
  81  6:41  Drone  
  71  7:10  Zergling x8  
  71  7:11  Zergling x16  
  78  7:30  Spore Crawler  
  77  7:37  Zerg Missile Weapons Level 1, Glial Reconstitution  
  77  7:41  Drone x3  
  77  7:42  Overlord  
  77  7:43  Drone x2  
  77  7:44  Drone x4  
  84  7:45  Overseer  
  84  7:50  Overlord x3  
  86  7:51  Queen  
  86  7:54  Ravager  
  86  7:55  Ravager x3  
  92  8:13  Overlord  
  92  8:14  Overlord  
  92  8:37  Roach x2  
  96  8:46  Extractor  
  96  8:48  Overlord, Drone x4  
  97  8:49  Extractor, Drone  
  97  8:52  Zergling x18  
  97  8:53  Zergling x8  
  112  8:58  Baneling Nest  
  111  9:08  Zerg Ground Armor Level 2  
  111  9:17  Drone x2  
  108  9:35  Drone x3  
  111  9:44  Spore Crawler  
  110  9:49  Overlord, Drone x5  
  110  9:50  Drone x2  
  117  9:54  Roach x7  
  117  9:55  Roach x3  
  129  10:15  Roach  
  129  10:16  Roach x9  
  114  10:39  Zergling x2  
  114  10:40  Zergling x14  
  111  10:55  Zergling x2  
  111  10:56  Zergling x14  
  119  11:02  Roach  
  119  11:03  Roach  
  115  11:11  Zergling x2  
  105  11:31  Roach  
  105  11:32  Roach x9  
  102  11:43  Roach x5  
  104  11:49  Roach  
  104  11:50  Roach x6  
  118  11:59  Roach x2  
  122  12:15  Hatchery  
  121  12:18  Zerg Missile Weapons Level 2  
  121  12:23  Burrow  
  121  12:28  Zergling x18  
  130  12:30  Overlord  
  130  12:50  Ravager x2  
  130  12:51  Ravager x4  
  131  13:05  Roach  
  131  13:06  Roach x13  
  131  13:11  Overlord x3  
  127  13:31  Roach x2  
  127  13:32  Roach x8  
  129  13:47  Roach x9  
  129  13:48  Roach  
  137  13:58  Roach, Zergling x2  
  137  13:59  Roach x5  
  150  14:06  Queen  
  149  14:15  Ravager x2  
  149  14:16  Ravager x4  
  155  14:19  Zergling x2  
  155  14:20  Zergling x22  
  155  14:22  Overlord  
  167  14:39  Zergling x14  
  167  14:40  Zergling x8  
  167  14:43  Baneling x10  
  118  15:04  Roach x5  
  118  15:05  Roach x6  
  122  15:08  Roach  
  124  15:16  Roach x2  
  124  15:17  Roach  
  130  15:24  Extractor x2  
  128  15:44  Roach x5  
  128  15:45  Roach x4  
  138  16:02  Roach  
  140  16:15  Infestation Pit  
  139  16:18  Drone  
  139  16:19  Drone x2  
  142  16:34  Zerg Melee Weapons Level 2  
  142  16:58  Hive  
  142  17:08  Hatchery  
  141  17:12  Spire  
  138  17:29  Infestor x2  
  135  17:30  Infestor  
  135  17:31  Roach x9  
  135  17:32  Roach x3  
  110  17:44  Roach  
  110  17:45  Roach x5, Zergling x2  
  110  17:46  Zergling x38  
  109  17:58  Overlord x5  
  105  17:59  Overlord  
  77  18:15  Roach  
  77  18:16  Roach x3  
  77  18:19  Overlord x2  
  60  18:30  Zergling x10  
  61  18:40  Zergling x4  
  63  18:42  Zergling x4  
  65  19:06  Zergling x12  
  71  19:13  Roach  
  71  19:14  Roach  
Tags
 
Add a new tag
Caveats
  • Supply blocks, unpowered buildings, or Contaminate may cause inaccurate times.
  • Supply counts are checked every 10 seconds.